 Dungeon Crawl Stone Soup version 0.20.1-1-g8b1a95d (webtiles) character file.

7065 ReignOfFire the Carver (level 10, -3/77 HPs)
             Began as a Demonspawn Gladiator on July 27, 2017.
             Was an Elder of Makhleb.
             Slain by an ogre
             ... wielding a +0 giant spiked club
              (16 damage)
             ... on level 9 of the Dungeon.
             The game lasted 00:26:04 (10060 turns).

ReignOfFire the Carver (Demonspawn Gladiator)      Turns: 10060, Time: 00:26:05

Health: -3/77      AC: 14    Str: 14    XL:     10   Next: 83%
Magic:  10/10      EV: 11    Int: 10    God:    Makhleb [****..]
Gold:   267        SH:  0    Dex: 21    Spells: 9/9 levels left

rFire    + . .     SeeInvis .   a - +3 scimitar (flame)
rCold    . . .     Gourm    +   (no shield)
rNeg     . . .     Faith    .   K - +1 chain mail {rF+}
rPois    .         Spirit   .   c - +0 helmet
rElec    .         Reflect  .   (no cloak)
rCorr    .         Harm     .   o - +0 pair of gloves
MR       +....     Clarity  +   (boots unavailable)
Stlth    ..........             C - amulet of the gourmand
Regen    0.3/turn               h - ring of protection from magic
MPRegen  0.2/turn               A - +3 ring of dexterity

@: no status effects
A: hooves 3, repulsion field 1, clarity, spiny 1
a: Minor Destruction, Lesser Servant of Makhleb, Major Destruction, Renounce
Religion


You were on level 9 of the Dungeon.
You worshipped Makhleb.
Makhleb was greatly pleased with you.
You were completely stuffed.

You visited 2 branches of the dungeon, and saw 10 of its levels.
You also visited: Sewer.

You collected 423 gold pieces.
You spent 156 gold pieces at shops.

Inventory:

Hand Weapons
 a - a +3 scimitar of flaming (weapon)
 B - a +2 great sword
 E - a +4 scimitar
Missiles
 d - 2 throwing nets (quivered)
Armour
 b - a +0 leather armour
 c - a +0 helmet (worn)
 o - a +0 pair of gloves (worn)
 K - a +1 chain mail of fire resistance (worn)
Jewellery
 h - a ring of protection from magic (left hand)
 t - an uncursed amulet of magic regeneration
 A - a +3 ring of dexterity (right hand)
 C - an amulet of the gourmand (around neck)
Wands
 G - a wand of lightning (9/15)
Scrolls
 g - a scroll of amnesia
 l - 5 scrolls of teleportation
 m - a scroll of random uselessness
 n - 2 scrolls of recharging
 p - 4 scrolls of magic mapping
 q - 2 scrolls of enchant weapon
 v - a scroll of immolation
 y - a scroll of blinking
 z - 2 scrolls of remove curse
Potions
 k - 7 potions of curing
 s - a potion of lignification
 w - a potion of haste
 D - 2 potions of might
 H - a potion of agility
 J - 2 potions of flight
Comestibles
 f - 8 bread rations
 i - 7 royal jellies
 j - 4 meat rations
 r - 9 fruits
 u - 8 chunks of flesh


   Skills:
 + Level 6.8 Fighting
 + Level 12.5 Long Blades
 + Level 1.8 Throwing
 + Level 6.8 Armour
 + Level 4.1 Dodging
 + Level 1.0 Stealth


You had 9 spell levels left.
You didn't know any spells.

Dungeon Overview and Level Annotations

Branches:
Dungeon (9/15)             Temple (1/1) D:4
   Lair: D:8-11         Orc: D:9-12

Altars:
Ashenzari
Cheibriados
Dithmenos
Elyvilon
Fedhas
Gozag
Hepliaklqana
Kikubaaqudgha
Makhleb
Nemelex Xobeh
Okawaru
Qazlal
Ru
Sif Muna
Trog
Uskayaw
Vehumet
Xom
Yredelemnul
Zin
The Shining One
Lugonu

Shops:
D:6 !


Innate Abilities, Weirdness & Mutations

You have hooves in place of feet.
You are surrounded by a mild repulsion field. (EV +2)
You are partially covered in sharp spines.
You possess an exceptional clarity of mind.


Message History

You start resting.
You feel sick.
A phantom comes into view.
A phantom is nearby!
You start resting.
You feel sick. x2
You are no longer poisoned.
You start resting.
An ogre comes into view. It is wielding a giant spiked club.
The ogre shouts!
Found a scroll of random uselessness.
Your chain mail prevents you from hitting the ogre.
The ogre is struck by your spines.
The ogre hits you with a giant spiked club.
* * * LOW HITPOINT WARNING * * *
You hit the ogre. You burn the ogre.
The ogre is heavily wounded.
You slash the ogre! You burn the ogre. You kick the ogre.
The ogre is almost dead.
The ogre hits you with a giant spiked club!
You die...

#........# #........#
#####..≈ #........#
###.....≈ #.......<#
..Y....## #.......)#
....>..##
#....############......#
#####....#PPPPPPPPPP#......#
.........#..........#......#
..###....#......@O..#......#
....#....#.PPPPPPPPW#.†....#
....###..#?.........††..W.##
.........#..........'......#
##....#(.#.PPPPPPPP.#......#
####.#..#..........#......#
#.#..#..........#....†.#
#.#..#PPPPPPPPPP#......#
#...### #########.....##


You could see a phantom and an ogre.

Vanquished Creatures
  Erica (D:9)
  A komodo dragon (D:9)
  The ghost of Alannah the Shield-Bearer, a novice GrFi (D:6)
  A queen bee (D:9)
  A hippogriff (D:9)
  2 hogs (D:9)
  3 humans
  6 yaks
  A hungry ghost (D:9)
  An ice beast (D:9)
  A sky beast (D:9)
  3 orc warriors
  A phantom (D:7)
  An ogre (D:4)
  4 centaurs
  6 bullfrogs
  A scorpion (D:8)
  16 killer bees
  7 wights (D:8)
  3 howler monkeys
  4 crimson imps
  4 orc wizards
  2 hounds (D:8)
  5 jellies
  4 orc priests
  2 bullfrog skeletons
  2 centaur skeletons
  3 iguanas
  8 worker ants
  8 adders
  A shadow imp (D:9)
  7 oozes
  An adder skeleton (D:3)
  3 worms
  A dart slug (D:1)
  18 leopard geckos
  28 orcs
  21 ball pythons
  22 giant cockroaches
  2 goblins
  9 hobgoblins
  13 jackals
  3 quokkas
  7 bats
  13 frilled lizards
  7 kobolds
  6 rats
265 creatures vanquished.

Vanquished Creatures (others)
  A plant (D:9)
1 creature vanquished.

Grand Total: 266 creatures vanquished

Notes
Turn   | Place    | Note
-------+----------+-------------------------------------------
     0 | D:1      | ReignOfFire the Demonspawn Gladiator began the quest for the Orb.
     0 | D:1      | Reached XP level 1. HP: 16/16 MP: 1/1
     2 | D:1      | Noticed a vine stalker
     2 | D:1      | Noticed a demigod
     4 | D:1      | Noticed a dwarf
     4 | D:1      | Noticed a gargoyle
     6 | D:1      | Noticed a vampire
     8 | D:1      | Noticed a tengu
     8 | D:1      | Noticed a human
    10 | D:1      | Noticed a centaur
    10 | D:1      | Noticed a merfolk
    12 | D:1      | Noticed a felid
    12 | D:1      | Noticed an elf
    14 | D:1      | Noticed a demonspawn
    14 | D:1      | Noticed a ghoul
    16 | D:1      | Noticed an ogre
    18 | D:1      | Noticed a draconian
    20 | D:1      | Noticed a spriggan
    20 | D:1      | Noticed a troll
    22 | D:1      | Noticed a naga
    22 | D:1      | Noticed a minotaur
    24 | D:1      | Noticed a halfling
    26 | D:1      | Noticed an octopode
    26 | D:1      | Noticed a formicid
   371 | D:1      | Reached skill level 3 in Long Blades
   371 | D:1      | Gained mutation: You are surrounded by a mild repulsion field. (EV +2) [demonic ancestry]
   371 | D:1      | Reached XP level 2. HP: 21/22 MP: 2/2
   765 | D:2      | Gained mutation: You have large cloven feet. [demonic ancestry]
   765 | D:2      | Reached XP level 3. HP: 20/27 MP: 3/3
  1666 | D:3      | Found an opulent altar of Gozag.
  1692 | D:3      | Noticed a centaur
  1717 | D:3      | Reached skill level 10 in Long Blades
  1717 | D:3      | Gained mutation: You have hoof-like feet. [demonic ancestry]
  1717 | D:3      | Reached XP level 4. HP: 8/34 MP: 4/4
  1722 | D:3      | Killed a centaur
  1722 | D:3      | Reached XP level 5. HP: 4/39 MP: 5/5
  2537 | D:3      | Reached skill level 1 in Armour
  2537 | D:3      | Gained mutation: You are partially covered in sharp spines. [demonic ancestry]
  2537 | D:3      | Reached XP level 6. HP: 32/46 MP: 6/6
  3055 | D:4      | Found a shadowy altar of Dithmenos.
  3112 | D:4      | Found a staircase to the Ecumenical Temple.
  3120 | Temple   | Entered the Ecumenical Temple
  3808 | D:4      | Found a hide-covered altar of Uskayaw.
  3809 | D:4      | Found a glowing golden altar of the Shining One.
  3810 | D:4      | Found a snail-covered altar of Cheibriados.
  3816 | D:4      | Found an ancient bone altar of Kikubaaqudgha.
  3865 | D:4      | Found a blossoming altar of Fedhas.
  3869 | D:4      | Reached XP level 7. HP: 52/52 MP: 7/7
  4296 | D:4      | Found a glowing silver altar of Zin.
  4397 | D:4      | Found a bloodstained altar of Trog.
  4400 | D:4      | Found a white marble altar of Elyvilon.
  4515 | D:5      | Entered Level 5 of the Dungeon
  4820 | D:5      | Found a radiant altar of Vehumet.
  4820 | D:5      | Found a burning altar of Makhleb.
  4833 | D:5      | Became a worshipper of Makhleb the Destroyer
  4929 | D:5      | You fall through a shaft for 3 floors!
  5271 | D:8      | Reached XP level 8. HP: 51/58 MP: 8/8
  5583 | D:8      | Reached skill level 11 in Long Blades
  5671 | D:8      | Reached * piety under Makhleb
  5702 | D:8      | Reached XP level 9. HP: 33/67 MP: 9/9
  6039 | D:8      | Reached skill level 5 in Fighting
  6511 | D:6      | Noticed Alannah's ghost (novice GrFi)
  6551 | D:6      | Killed Alannah's ghost
  6611 | D:6      | Found a glowing drain.
  6630 | Sewer    | Entered a sewer
  6656 | Sewer    | Reached ** piety under Makhleb
  6885 | Sewer    | Reached *** piety under Makhleb
  7053 | D:5      | Found a hazy altar of Hepliaklqana.
  7439 | D:6      | Found Laatih's Distillery.
  7448 | D:6      | Bought a potion of might for 48 gold pieces
  7448 | D:6      | Bought a potion of curing for 36 gold pieces
  7448 | D:6      | Bought a potion of curing for 36 gold pieces
  7448 | D:6      | Bought a potion of curing for 36 gold pieces
  7810 | D:6      | Got a jewelled whip
  7811 | D:6      | Identified the +1 whip of the Madman {antimagic, +Fly MR+ Str+2} (You found it on level 6 of the Dungeon)
  7976 | D:7      | Found an iron altar of Okawaru.
  8067 | D:7      | Reached skill level 1 in Stealth
  8725 | D:8      | Gained mutation: You have hooves in place of feet. [demonic ancestry]
  8725 | D:8      | Reached XP level 10. HP: 76/76 MP: 10/10
  8738 | D:8      | Reached skill level 5 in Armour
  8754 | D:8      | Gained mutation: Your muscles are strong. (Str +2) [potion of mutation]
  8754 | D:8      | Lost mutation: Your muscles are strong. (Str +2) [potion of mutation]
  8754 | D:8      | Gained mutation: You possess an exceptional clarity of mind. [potion of mutation]
  9289 | D:9      | Noticed Erica
  9319 | D:9      | Killed Erica
  9319 | D:9      | Reached skill level 12 in Long Blades
  9413 | D:9      | Reached **** piety under Makhleb
  9960 | D:9      | Found a deep blue altar of Sif Muna.
 10060 | D:9      | Slain by an ogre

Skill      XL: |  1  2  3  4  5  6  7  8  9 10 |
---------------+-------------------------------+-----
Long Blades    | 3 10 11 12 | 12.5
Dodging        | 3 4 |  4.1
Armour         | 1 2 3 4 6 |  6.8
Fighting       | 3 4 6 |  6.8
Stealth        | 1 |  1.0
Throwing       | |  1.8

Action                   |  1- 3 |  4- 6 |  7- 9 | 10-12 || total
-------------------------+-------+-------+-------+-------++-------
Melee: Long sword        |   116 |   107 |    90 |       ||   313
       Kick              |    19 |    24 |    95 |    40 ||   178
       Scimitar          |       |       |   219 |   104 ||   323
Throw: Throwing net      |     3 |       |     1 |       ||     4
  Use: Potion            |     2 |     2 |     3 |     1 ||     8
       Scroll            |       |       |     9 |     6 ||    15
  Eat: Chunk             |     3 |     6 |    33 |    11 ||    53
Armor: Leather armour    |    40 |     6 |       |       ||    46
       Skin              |       |     1 |       |       ||     1
       Chain mail        |       |    12 |   110 |    52 ||   174
Dodge: Dodged            |   101 |    64 |   108 |    50 ||   323
       Rpst.: Long sword |    26 |    27 |     4 |       ||    57
       Scimitar          |       |       |    19 |    12 ||    31
